Map: Année zéro EC

Players

fabi

  • Race: Protoss Protoss
  • League: Diamond
  • Spawn Location: 1:00

Sorandom - Winner!

  • Race: Zerg Zerg
  • League: Diamond
  • Spawn Location: 11:00

VOD

Have the link to the VOD?

Description

Time

  • Played on: April 15, 2019, 2:54 a.m.
  • Length: 26:35
Show
View Real Time Build Order
Export as new Build Order

fabi Protoss 

Build Orders:  

Get SALT Encoding   

  12  0:00  Probe  
  13  0:13  Probe  
  14  0:19  Pylon  
  14  0:25  Probe  
  15  0:34  Probe  
  15  0:42  Probe  
  16  0:49  Gateway  
  17  0:52  Probe  
  17  0:53  Assimilator  
  18  0:59  Assimilator  
  18  1:03  Probe  
  19  1:11  Probe  
  20  1:31  Pylon  
  20  1:33  Probe  
  20  1:37  Cybernetics Core  
  21  1:40  Zealot  
  23  1:49  Probe  
  24  1:55  Warp Gate  
  24  1:59  Pylon  
  24  2:07  Probe  
  25  2:16  Adept  
  25  2:20  Robotics Facility  
  27  2:23  Probe  
  28  2:41  Nexus  
  28  2:48  Stalker  
  30  3:00  Gateway  
  30  3:05  Pylon  
  30  3:09  Observer  
  31  3:19  Gateway  
  29  3:48  Sentry  
  29  3:55  Gateway x2  
  29  4:00  Stalker  
  31  4:17  Zealot x2  
  32  4:25  Immortal, Stalker  
  32  4:37  Stalker  
  32  4:38  Stalker  
  36  5:09  Zealot  
  36  5:15  Immortal  
  34  5:33  Zealot  
  36  5:37  Pylon  
  36  5:39  Pylon  
  36  5:40  Pylon  
  36  5:45  Pylon  
  36  5:51  Pylon  
  36  5:52  Pylon  
  36  5:57  Immortal  
  36  6:01  Zealot  
  41  6:05  Zealot  
  41  6:11  Probe  
  43  6:12  Sentry  
  43  6:14  Probe  
  47  6:19  Probe  
  48  6:26  Probe  
  48  6:28  Pylon  
  49  6:38  Stalker  
  49  6:39  Stalker  
  53  6:42  Probe  
  53  6:44  Probe  
  55  6:52  Sentry  
  57  7:03  Sentry x2  
  57  7:06  Probe x2  
  61  7:14  Probe x2  
  63  7:17  Zealot  
  67  7:24  Probe x2  
  69  7:36  Probe, Zealot x2  
  73  7:45  Probe  
  73  7:48  Probe  
  73  7:50  Gateway  
  75  7:58  Pylon  
  75  7:59  Pylon  
  75  8:02  Pylon  
  75  8:09  Probe x2  
  75  8:12  Forge  
  77  8:15  Assimilator  
  77  8:17  Stargate  
  77  8:18  Assimilator  
  77  8:38  Nexus  
  77  8:41  Pylon  
  77  9:09  Immortal  
  67  9:14  Stalker x2  
  67  9:15  Stalker x2  
  69  9:28  Protoss Ground Weapons Level 1  
  69  9:30  Probe x2  
  71  9:32  Pylon  
  71  9:35  Pylon  
  71  9:39  Pylon  
  71  9:42  Probe  
  72  9:48  Immortal  
  76  9:53  Twilight Council  
  76  9:54  Pylon x2  
  71  10:02  Zealot x4  
  56  10:23  Stalker x4  
  64  10:55  Nexus  
  64  10:58  Pylon  
  64  10:59  Gateway, Pylon  
  64  11:03  Gateway  
  64  11:09  Warp Prism  
  66  11:15  Charge  
  66  11:18  Protoss Ground Armor Level 1  
  66  11:23  Photon Cannon  
  66  11:29  Gateway  
  66  11:43  Immortal  
  66  11:45  Templar Archives  
  70  12:03  Zealot x2  
  70  12:05  Sentry  
  70  12:07  Sentry  
  78  12:10  Probe  
  79  12:22  High Templar x2  
  83  12:23  High Templar x3  
  83  12:27  Archon x2  
  83  12:29  High Templar  
  91  12:33  Archon  
  91  12:46  Immortal, Zealot  
  95  13:02  High Templar x2  
  95  13:03  Zealot x4  
  107  13:06  Archon  
  107  13:15  Immortal  
  107  13:21  Protoss Ground Weapons Level 2  
  111  13:27  Zealot  
  111  13:28  Zealot  
  111  13:31  Probe x2  
  115  13:43  Psionic Storm  
  115  13:51  Probe x3, Assimilator  
  115  13:52  Assimilator  
  118  14:02  Stalker x2  
  122  14:03  High Templar  
  122  14:08  Zealot  
  84  14:32  High Templar x2, Zealot  
  84  14:33  Zealot x3  
  88  14:43  Probe x3  
  83  14:55  Gateway, Probe x3  
  83  14:58  Gateway  
  86  15:02  Gateway  
  86  15:07  High Templar x3  
  86  15:09  Zealot  
  86  15:10  Immortal  
  98  15:28  High Templar x2  
  98  15:32  Archon  
  98  15:35  Probe x2  
  104  15:40  Pylon  
  104  15:43  Pylon  
  104  15:57  Zealot  
  104  15:58  Zealot x3  
  104  16:08  Archon x2  
  82  16:12  Zealot x3  
  76  16:23  High Templar x3  
  76  16:24  High Templar x3  
  88  16:27  Archon x2  
  88  16:28  Archon  
  88  16:30  Protoss Ground Armor Level 2  
  88  16:34  Zealot x2  
  88  16:35  Zealot  
  88  16:39  Zealot  
  96  16:46  Probe x2  
  98  16:52  Photon Cannon  
  98  17:01  Probe x3  
  100  17:06  Pylon  
  101  17:08  High Templar  
  101  17:09  High Templar  
  101  17:11  Zealot x3  
  111  17:25  Nexus  
  111  17:30  Pylon  
  111  17:39  Stalker  
  111  17:40  Stalker  
  111  17:42  Stalker  
  117  17:52  High Templar x2  
  117  17:56  Observer, Zealot  
  117  17:57  Zealot  
  126  18:14  Zealot  
  126  18:15  Zealot x4  
  137  18:26  Photon Cannon  
  136  18:28  Photon Cannon  
  136  18:34  Photon Cannon  
  136  18:47  Gateway  
  136  18:49  Gateway  
  136  18:54  Pylon  
  136  18:55  Pylon  
  136  19:02  Robotics Facility  
  136  19:05  Robotics Facility  
  136  19:07  Assimilator  
  136  19:10  High Templar x3, Assimilator  
  136  19:14  High Templar  
  136  19:15  Archon  
  144  19:18  Archon  
  144  19:34  Zealot x2  
  144  19:35  Zealot x4  
  156  19:49  Stalker x5  
  156  19:51  Stalker  
  168  20:03  Probe x3  
  171  20:11  Photon Cannon  
  169  20:15  Photon Cannon  
  169  20:17  Photon Cannon  
  173  20:28  Immortal x2  
  177  20:37  Stalker x2  
  177  20:38  Stalker  
  122  21:01  Zealot  
  122  21:02  Zealot x6  
  122  21:03  Zealot x2  
  122  21:14  Immortal  
  122  21:15  High Templar x3  
  128  21:20  Archon  
  128  21:22  High Templar x3  
  138  21:27  High Templar  
  138  21:30  Immortal x2, Archon x2  
  130  21:50  Pylon  
  130  21:52  Pylon  
  130  22:07  High Templar x2  
  134  22:08  Zealot  
  134  22:09  Zealot x2  
  134  22:12  Nexus  
  134  22:14  Archon x2  
  140  22:18  Immortal  
  144  22:26  Protoss Ground Weapons Level 3  
  144  22:29  Assimilator  
  143  22:41  High Templar x2  
  143  22:42  Zealot x2  
  143  22:43  Zealot x4  
  159  23:08  Nexus  
  159  23:10  Pylon  
  159  23:17  High Templar x4  
  167  23:23  Zealot x3  
  167  23:24  Zealot  
  151  23:51  Archon  
  151  23:52  Archon  
  111  23:56  Zealot  
  111  23:57  Zealot x6  
  111  23:58  Zealot  
  107  24:19  High Templar  
  107  24:20  High Templar x3, Assimilator  
  107  24:24  Archon x2  
  115  24:25  Zealot x3  
  115  24:26  Zealot  
  123  24:35  Pylon  
  123  24:37  Pylon  
  123  24:41  High Templar x2  
  127  25:10  Gateway  
  127  25:11  Gateway  
  125  25:16  Gateway  
  117  25:21  Stalker x2  
  117  25:22  Stalker x4  
  117  25:23  Stalker  
  125  25:32  Gateway  
  125  25:33  Gateway  
  123  25:35  High Templar  
  123  25:41  Zealot x3  
  131  25:44  Zealot  
  131  25:45  Zealot x3  
  131  25:46  Zealot  
  141  25:57  Assimilator  
  139  26:09  Dark Shrine  
  139  26:22  Archon  
Show
View Real Time Build Order
Export as new Build Order

Sorandom Zerg - Winner!

Build Orders: Pool First 

Get SALT Encoding   

  12  0:02  Drone  
  13  0:13  Overlord  
  13  0:19  Drone  
  14  0:31  Drone x2  
  14  0:35  Drone  
  17  0:44  Extractor  
  16  0:50  Spawning Pool  
  16  0:53  Drone  
  17  0:57  Drone  
  17  1:08  Drone  
  18  1:26  Hatchery  
  18  1:28  Drone  
  18  1:36  Queen  
  20  1:42  Zergling x2  
  21  1:48  Overlord  
  21  2:08  Metabolic Boost  
  21  2:14  Roach Warren  
  20  2:18  Overlord  
  20  2:33  Drone  
  20  2:34  Drone  
  22  2:54  Roach x4  
  22  2:56  Roach  
  22  2:58  Zergling x2  
  33  3:01  Zergling x2  
  34  3:05  Roach  
  34  3:09  Zergling x2  
  37  3:16  Zergling x4  
  38  3:31  Roach  
  38  3:32  Zergling x2, Roach  
  43  4:01  Overlord  
  43  4:12  Zergling x2  
  44  4:18  Overlord  
  44  4:24  Zergling x10  
  45  4:36  Zergling x8  
  49  4:45  Zergling x2  
  50  4:48  Zergling x2  
  47  4:57  Zergling x4  
  42  5:12  Zergling x2  
  42  5:13  Zergling x2  
  37  5:17  Zergling x2  
  37  5:18  Zergling x2  
  29  5:28  Zergling x2  
  29  5:31  Queen  
  29  5:33  Zergling x2  
  33  5:40  Zergling x4  
  35  5:43  Lair  
  35  5:51  Zergling x4  
  37  6:02  Drone x4  
  37  6:03  Drone  
  41  6:10  Queen  
  43  6:17  Drone  
  43  6:18  Extractor, Drone  
  44  6:29  Drone x2  
  44  6:32  Hatchery  
  44  6:36  Drone x3  
  44  6:38  Drone  
  48  6:47  Evolution Chamber  
  47  6:57  Roach x2  
  51  7:03  Spore Crawler  
  51  7:07  Spore Crawler  
  49  7:16  Zerg Ground Armor Level 1  
  49  7:18  Drone x2  
  49  7:20  Evolution Chamber  
  50  7:31  Drone  
  50  7:34  Overlord x3  
  51  7:37  Glial Reconstitution  
  51  7:43  Overlord  
  50  7:46  Roach x2  
  54  7:55  Spine Crawler  
  54  7:56  Roach  
  54  7:57  Spine Crawler  
  54  8:03  Roach x2  
  58  8:10  Roach x2  
  58  8:11  Roach  
  64  8:15  Zergling x2  
  65  8:33  Roach x5  
  75  8:34  Drone  
  75  8:38  Roach  
  78  8:52  Roach  
  78  8:53  Roach x3  
  78  8:55  Zergling x2  
  87  9:05  Roach x2  
  74  9:17  Drone x7  
  74  9:21  Drone  
  82  9:27  Roach  
  82  9:30  Drone x2  
  86  9:31  Extractor  
  86  9:36  Extractor  
  86  9:38  Drone x2  
  86  9:42  Drone  
  87  9:49  Drone x2  
  89  9:56  Queen  
  85  10:03  Roach x3  
  85  10:05  Drone x4  
  83  10:14  Roach x3  
  87  10:22  Roach  
  87  10:24  Overlord x2  
  89  10:29  Zerg Missile Weapons Level 1  
  87  10:36  Drone  
  87  10:42  Roach x6  
  92  10:46  Drone  
  92  10:54  Roach x2  
  92  10:58  Roach x2  
  92  10:59  Roach  
  92  11:01  Overlord x2  
  98  11:10  Overlord  
  98  11:14  Zerg Ground Armor Level 2  
  98  11:18  Overseer  
  98  11:27  Roach  
  98  11:28  Roach x2  
  98  11:29  Drone x2  
  98  11:30  Drone  
  98  11:31  Drone x6  
  113  11:36  Extractor  
  113  11:37  Roach x2  
  116  11:53  Roach x3  
  122  11:59  Hydralisk Den  
  121  12:03  Overlord x4  
  121  12:04  Overlord  
  121  12:14  Spine Crawler  
  120  12:18  Overlord x4  
  120  12:19  Overlord  
  120  12:28  Zerg Missile Weapons Level 2  
  120  12:33  Infestation Pit  
  120  12:34  Grooved Spines  
  119  12:42  Pneumatized Carapace  
  123  12:44  Roach x3  
  125  12:58  Hydralisk x3, Hatchery  
  124  12:59  Hydralisk  
  124  13:03  Drone  
  124  13:04  Drone  
  124  13:05  Extractor, Drone x3  
  135  13:07  Drone x3  
  139  13:17  Hydralisk x3  
  139  13:18  Hydralisk  
  147  13:29  Hydralisk  
  147  13:30  Hydralisk x2  
  153  13:35  Hydralisk  
  153  13:40  Hydralisk x2  
  159  13:45  Overseer  
  159  13:47  Hydralisk  
  161  13:50  Roach  
  165  13:55  Roach  
  165  13:56  Roach x2  
  169  14:05  Hydralisk x4  
  177  14:16  Hydralisk  
  170  14:21  Hydralisk x4, Roach  
  170  14:24  Hydralisk  
  170  14:30  Hydralisk  
  170  14:31  Hydralisk  
  138  14:36  Roach  
  138  14:37  Roach x2  
  122  14:42  Roach x4  
  116  14:46  Hydralisk  
  116  14:51  Roach x4  
  126  14:57  Roach  
  126  14:58  Roach x3  
  134  15:02  Roach  
  134  15:03  Roach x3  
  142  15:08  Roach x3  
  142  15:11  Roach  
  150  15:34  Hydralisk x7  
  164  15:47  Roach x3  
  170  15:52  Spine Crawler  
  170  15:53  Roach x3  
  170  15:56  Extractor  
  174  16:00  Spore Crawler  
  174  16:01  Extractor  
  158  16:06  Hydralisk  
  158  16:07  Hydralisk x3  
  128  16:13  Hydralisk x2  
  114  16:18  Roach x2  
  114  16:21  Hydralisk  
  106  16:35  Drone x8  
  114  16:44  Hive  
  114  16:46  Roach  
  118  16:47  Roach  
  118  16:57  Roach x4  
  126  17:02  Roach  
  126  17:03  Roach  
  126  17:08  Roach x3  
  136  17:17  Drone x6  
  136  17:19  Roach  
  136  17:22  Roach  
  146  17:24  Roach  
  148  17:30  Drone x4  
  148  17:31  Drone  
  153  17:55  Hydralisk x5  
  153  17:56  Hatchery  
  162  17:58  Muscular Augments  
  162  18:06  Ultralisk Cavern  
  162  18:08  Zerg Missile Weapons Level 3  
  161  18:16  Zerg Ground Armor Level 3  
  161  18:21  Hydralisk x2  
  165  18:32  Queen x2  
  169  18:37  Roach  
  169  18:38  Roach x3  
  169  18:40  Overlord  
  177  18:53  Ultralisk  
  183  18:57  Overlord  
  183  18:58  Overlord x2  
  183  19:16  Overseer  
  183  19:18  Ultralisk x2  
  195  19:36  Hydralisk x3  
  195  19:37  Spore Crawler  
  200  20:13  Hydralisk, Roach  
  200  20:45  Hydralisk x4  
  200  20:46  Hydralisk x6  
  182  20:52  Hydralisk x4  
  182  20:53  Hydralisk x12  
  182  20:55  Ultralisk  
  150  21:05  Roach  
  150  21:06  Ultralisk  
  150  21:10  Hydralisk  
  150  21:11  Hydralisk  
  162  21:18  Ultralisk  
  162  21:29  Ultralisk  
  166  21:49  Ultralisk, Spore Crawler  
  166  21:52  Spine Crawler, Extractor  
  166  21:53  Extractor  
  168  21:55  Zerg Melee Weapons Level 1  
  168  22:00  Spire, Chitinous Plating  
  167  22:18  Drone  
  167  22:20  Ultralisk  
  167  22:22  Hydralisk x2  
  176  22:27  Roach x2  
  176  22:28  Roach  
  184  22:41  Ultralisk  
  184  22:43  Roach  
  192  22:53  Hydralisk x3  
  164  23:50  Hydralisk x4  
  164  23:51  Hydralisk x13  
  176  23:56  Roach x2  
  146  24:17  Ultralisk  
  146  24:18  Zerg Melee Weapons Level 2  
  146  24:20  Roach x2  
  156  24:28  Drone x2  
  156  24:29  Drone x2  
  156  24:31  Drone  
  161  24:33  Hydralisk  
  163  24:38  Zerg Flyer Weapons Level 1  
  163  24:44  Hydralisk  
  165  24:55  Roach x3  
  165  24:56  Roach  
  171  25:31  Hydralisk x10  
  191  25:51  Hatchery  
  190  26:00  Hydralisk x4  
Tags
 
Matchup
PvZ
Opening
Pool First
Replay Pack
Pack
Spawn Locations
Close Positions
Add a new tag
Caveats
  • Supply blocks, unpowered buildings, or Contaminate may cause inaccurate times.
  • Supply counts are checked every 10 seconds.